 Dungeon Crawl Stone Soup version 0.18.1-48-g4cf74bf (webtiles) character file.

630 Dickchan the Grappler (level 7, -2/93 HPs)
             Began as a Naga Berserker on Aug 24, 2016.
             Was a Priest of Trog.
             Slain by an orc warrior
             ... wielding a +0 scimitar
              (22 damage)
             ... on level 5 of the Dungeon.
             The game lasted 00:06:41 (4800 turns).

Dickchan the Grappler (Naga Berserker)              Turns: 4800, Time: 00:06:42

Health: -2/93      AC:  3    Str: 27    XL:     7   Next: 48%
Magic:  7/7        EV:  9    Int:  7    God:    Trog [***...]
Gold:   208        SH:  0    Dex: 10    Spells: 0 memorised, 6 levels left

rFire  . . .     SeeInvis +       - Unarmed
rCold  . . .     Gourm    .     a - +0 animal skin
rNeg   . . .     Faith    .     (no shield)
rPois  +         Spirit   .     (no helmet)
rElec  .         Dismiss  .     (no cloak)
rCorr  .         Reflect  .     (no gloves)
SustAt .         Harm     .     (no barding)
MR     ++...                    (no amulet)
Stlth  ..........               (no ring)
                                (no ring)

@: berserking (expiring), regenerating, quick, very resistant to hostile
enchantments, extremely unstealthy
A: see invisible, deformed body, poison resistance, slowness 2, slow metabolism
1, spit poison 2, AC +2
a: Spit Poison, Berserk, Trog's Hand, Burn Spellbooks, Renounce Religion


You were on level 5 of the Dungeon.
You worshipped Trog.
Trog was most pleased with you.
You were hungry.

You visited 1 branch of the dungeon, and saw 5 of its levels.
You also visited: Sewer.

You collected 208 gold pieces.

Inventory:

Armour
 a - a +0 animal skin (worn)
Jewellery
 g - a +1 ring of protection {unknown}
 u - an uncursed ring of resist corrosion {unknown}
 x - a cursed amulet of inaccuracy {unknown}
Wands
 v - a wand of flame (39/48)
Scrolls
 e - 3 scrolls of identify {unknown}
 i - 2 scrolls of fear {unknown}
 k - a scroll of amnesia {unknown}
 o - a scroll of teleportation {unknown}
 p - a scroll of remove curse {unknown}
 t - 2 scrolls of enchant armour {unknown}
 w - a scroll of fog {unknown}
 y - 2 scrolls of magic mapping {unknown}
Potions
 d - 5 potions of curing {unknown}
 h - 3 potions of lignification {unknown}
 j - 3 potions of flight {unknown}
 l - 3 potions of haste {unknown}
 m - a potion of resistance {unknown}
 n - a potion of brilliance {unknown}
 q - a potion of degeneration {unknown}
 r - 4 potions of heal wounds {unknown}
 A - a potion of might {unknown}
Comestibles
 b - 4 bread rations
 c - 2 meat rations
 f - 9 fruits
 s - a beef jerky


   Skills:
 - Level 3.0 Fighting
 - Level 1.5 Armour
 - Level 1.5 Dodging
 + Level 8.5 Unarmed Combat


You had 6 spell levels left.
You didn't know any spells.

Dungeon Overview and Level Annotations

Branches:
Dungeon (5/15)
 Temple: D:4-7

Altars:
Dithmenos
Makhleb
Qazlal
Sif Muna


Innate Abilities, Weirdness & Mutations

You cannot wear boots.
Your serpentine skin is tough (AC +2).
You have supernaturally acute eyesight.
Armour fits poorly on your strangely shaped body.
Your system is resistant to poisons.
You cover ground very slowly.
You have a slow metabolism.
You can spit poison.


Message History

Trog accepts your kill.
Trog appreciates your killing of a magic user.
The orc warrior hits you with a scimitar.
You hit the orc warrior.
The orc warrior is moderately wounded.
The giant cockroach closely misses you.
You closely miss the orc warrior.
The orc warrior is moderately wounded.
The orc warrior hits you with a scimitar.
* * * LOW HITPOINT WARNING * * *
You barely miss the orc warrior.
The orc warrior is moderately wounded.
The giant cockroach bites you but does no damage.
The orc hits you with a mace!
* * * LOW HITPOINT WARNING * * *
You punch the orc warrior!
The orc warrior is almost dead.
The giant cockroach barely misses you.
The orc warrior hits you with a scimitar!!
You die...

###............. .## ..
#...........### .(.##.
#...........# .$....
#........<..##
..#...##..............#
. ...................##
...#.ho............###
.....hs#........[.##
#o@...........#
#..o............#
#...............#
..................#
....#...............
(..##.............. $##
#.##..#....... ..
##.......#


You could see an orc warrior, an orc priest, an orc, 2 jackals and a giant
cockroach.

Vanquished Creatures
  A sky beast (D:3)
  An ogre (D:4)
  A giant frog (D:3)
  A hound (D:4)
  An orc wizard (D:5)
  Ijyb (D:2)
  3 worker ants
  12 adders
  A river rat (D:4)
  3 oozes
  A worm (D:4)
  7 dart slugs
  3 giant geckos
  2 orcs
  4 giant cockroaches
  8 goblins
  5 hobgoblins
  11 jackals
  3 ball pythons
  6 bats
  11 giant newts
  4 kobolds
  11 rats
101 creatures vanquished.

Notes
Turn   | Place    | Note
--------------------------------------------------------------
     0 | D:1      | Dickchan the Naga Berserker began the quest for the Orb.
     0 | D:1      | Reached XP level 1. HP: 21/21 MP: 1/1
   149 | D:1      | Reached XP level 2. HP: 21/28 MP: 2/2
   459 | D:1      | Reached skill level 4 in Unarmed Combat
   732 | D:1      | Reached XP level 3. HP: 22/34 MP: 3/3
   768 | D:1      | Reached ** piety under Trog
  1572 | D:2      | Noticed Ijyb
  1585 | D:2      | Killed Ijyb
  1585 | D:2      | Reached skill level 5 in Unarmed Combat
  1585 | D:2      | Reached XP level 4. HP: 42/42 MP: 4/4
  1729 | D:2      | You fall through a shaft!
  1856 | D:3      | Noticed a sky beast
  1871 | D:3      | Killed a sky beast
  1871 | D:3      | Reached skill level 6 in Unarmed Combat
  1871 | D:3      | Reached XP level 5. HP: 47/49 MP: 5/5
  2091 | D:3      | Reached XP level 6. HP: 42/56 MP: 6/6
  2130 | D:3      | Reached *** piety under Trog
  2471 | D:2      | Found a burning altar of Makhleb.
  2559 | D:2      | Found a deep blue altar of Sif Muna.
  2560 | D:2      | Found a stormy altar of Qazlal.
  3091 | D:3      | Reached skill level 7 in Unarmed Combat
  3676 | D:4      | Reached XP level 7. HP: 59/62 MP: 7/7
  3724 | D:4      | Found a shadowy altar of Dithmenos.
  3829 | D:4      | Found a glowing drain.
  3833 | Sewer    | Entered a sewer
  3931 | Sewer    | Reached skill level 8 in Unarmed Combat
  4608 | D:4      | HP: 4/93 [hound (6)]
  4767 | D:5      | Entered Level 5 of the Dungeon
  4800 | D:5      | Slain by an orc warrior

Skill      XL: |  1  2  3  4  5  6  7 |
---------------+----------------------+-----
Unarmed Combat | 4 5 6 7 8 |  8.5
Fighting       | |  3.0
Armour         | |  1.5
Dodging        | |  1.5

Action                   |  1- 3 |  4- 6 |  7- 9 || total
-------------------------+-------+-------+-------++-------
Melee: Unarmed           |   127 |   148 |    94 ||   369
       Punch             |     2 |     4 |       ||     6
Invok: Berserk           |     3 |     1 |     3 ||     7
       Trog's Hand       |       |       |     1 ||     1
 Abil: Spit Poison       |       |     2 |     1 ||     3
  Eat: Chunk             |     3 |     7 |     4 ||    14
       Royal jelly       |       |       |     1 ||     1
Armor: Animal skin       |    24 |    33 |    21 ||    78
Dodge: Dodged            |    70 |    70 |    52 ||   192
